 Dungeon Crawl Stone Soup version 0.27-a0-1591-gc56fcc985a (webtiles) character file.

Game seed: 8612529085777799731

7178 duskshroud the Carver (level 11, 0/50 HPs)
             Began as a Vine Stalker Gladiator on July 19, 2021.
             Was a Believer of Uskayaw.
             Succumbed to an orc warrior's poison
             ... on level 8 of the Dungeon.
             The game lasted 00:43:58 (7991 turns).

duskshroud the Carver (Vine Stalker Gladiator)      Turns: 7991, Time: 00:43:59

Health: 0/50       AC: 14    Str: 20    XL:     11   Next: 11%
Magic:  18/18      EV: 11    Int:  8    God:    Uskayaw [**....]
Gold:   525        SH:  0    Dex: 16    Spells: 10/10 levels left

rFire    . . .     SeeInvis .   u - +2 long sword (flame)
rCold    + . .     Faith    .   (no shield)
rNeg     . . .     Spirit   +   K - +3 ring mail
rPois    .         Reflect  .   s - +2 helmet
rElec    .         Harm     .   C - +0 cloak
rCorr    .         Rampage  .   f - +0 pair of gloves
Will     +....                  q - +0 pair of boots
Stlth    ++........             (no amulet)
HPRegen  1.16/turn              E - ring of protection from cold
MPRegen  0.16/turn              (no ring)

@: lethally poisoned (0 -> -3), on berserk cooldown, slowed, very slow
A: fangs 3, regeneration 1, magic shield, antimagic bite, no potion heal 2
a: Renounce Religion, Stomp, Line Pass


You were on level 8 of the Dungeon.
You worshipped Uskayaw.
Uskayaw was aware of your devotion.
You visited 2 branches of the dungeon, and saw 9 of its levels.
You also visited: Ossuary and Bailey.

You collected 540 gold pieces.
You spent 15 gold pieces at shops.

Inventory:

Hand Weapons
 u - a +2 long sword of flaming (weapon)
 w - a +0 dagger of venom
 A - the +6 morningstar of Xoskuute {drain, Str+4}
   (You found it on level 4 of the Dungeon)

   A truly terrible weapon, it drains the life of any living foe it strikes.
   Str:       It affects your strength (+4).
Missiles
 g - 2 silver javelins
 o - 55 poisoned darts (quivered)
 t - 50 boomerangs
 O - 3 boomerangs of dispersal
Armour
 b - a +0 leather armour
 e - a +0 plate armour
 f - a +0 pair of gloves (worn)
 q - a +0 pair of boots (worn)
 s - a +2 helmet (worn)
 y - a +0 kite shield
 C - a +0 cloak (worn)
 F - the +0 ring mail "Sixess" {rF+}
   (You found it on level 4 of the Dungeon)

   rF:        It protects you from fire.
 H - a +2 scale mail of cold resistance
 K - a +3 ring mail (worn)
 M - +0 steam dragon scales
Magical Staves
 h - a staff of poison
 z - a staff of cold
Jewellery
 E - a ring of protection from cold (left hand)
Wands
 r - a wand of flame (14)
Scrolls
 a - a scroll of noise {unknown}
 i - 2 scrolls of holy word
 k - 2 scrolls of blinking {unknown}
 l - 3 scrolls of enchant armour {unknown}
 p - 7 scrolls of teleportation
 v - a scroll of fog {unknown}
 x - 4 scrolls of acquirement
 G - a scroll of magic mapping {unknown}
 L - a scroll of amnesia {unknown}
 N - a scroll of immolation {unknown}
Potions
 c - a potion of cancellation
 j - 4 potions of haste {unknown}
 m - a potion of berserk rage
 n - 7 potions of curing
 B - a potion of magic {unknown}
 D - a potion of attraction
 I - a potion of invisibility {unknown}
 J - 3 potions of lignification
Miscellaneous
 d - a lightning rod (4/4)


   Skills:
 - Level 1.7 Fighting
 * Level 12.7 Long Blades
 - Level 1.7 Throwing
 - Level 2.4 Dodging
 - Level 5.0 Stealth
 + Level 8.4 Invocations


You had 10 spell levels left.
You didn't know any spells.
Your spell library contained the following spells:

 Spells                   Type           Power      Damage    Failure   Level
 Animate Skeleton         Necr           0%         N/A       58%         1
 Apportation              Tloc           0%         N/A       58%         1
 Corona                   Hex            0%         N/A       58%         1
 Pain                     Necr           0%         1d4       58%         1
 Summon Small Mammal      Summ           0%         N/A       58%         1
 Ensorcelled Hibernation  Hex/Ice        0%         N/A       75%         2
 Passwall                 Tmut/Erth      0%         N/A       75%         2
 Static Discharge         Conj/Air       0%         N/A       75%         2
 Swiftness                Air            0%         N/A       92%         3
 Tukima's Dance           Hex            0%         N/A       92%         3
 Vampiric Draining        Necr           0%         2d6       92%         3
 Lightning Bolt           Conj/Air       0%         1d11      100%        5
 Invisibility             Hex            0%         N/A       100%        6
 Maxwell's Capacitive Co  Air            0%         ∞         100%        8


Dungeon Overview and Level Annotations

Branches:
Dungeon (8/15)             Temple (1/1) D:5         Ossuary (visited)
 Bailey (visited)
   Lair: D:8-11

Altars:
Ashenzari
Cheibriados
Dithmenos
Elyvilon
Fedhas
Gozag
Hepliaklqana
Kikubaaqudgha
Makhleb
Nemelex Xobeh
Okawaru
Qazlal
Ru
Sif Muna
Trog
Uskayaw
Xom
Yredelemnul
Zin
The Shining One

Shops:
D:3 (


Innate Abilities, Weirdness & Mutations

You have razor-sharp teeth.
Your natural rate of healing is unusually fast.
When hurt, damage is shared between your health and your magic reserves.
Your bite disrupts and absorbs the magic of your enemies.
Potions cannot restore your health.


Message History

You feel very sick.
The orc warrior hits you with a +2 war axe of venom!
You hit the orc warrior but do no damage.
You bite the orc warrior, but do no damage.
The orc warrior is heavily wounded.
You feel very sick.
You closely miss the orc warrior. You bite the orc warrior!
You drain its power.
You feel invigorated.
The orc warrior is severely wounded.
You feel very sick.
The orc warrior hits you but does no damage.
You are lethally poisoned!
You can now pass through a line of other dancers.
* * * LOW HITPOINT WARNING * * *
You feel very sick.
Things that are here:
a +0 club; an orc corpse A red film seems to cover your vision as you go berserk!
You feel yourself moving faster!
You feel mighty!
You feel very sick.
The orc warrior hits you but does no damage.
You are lethally poisoned!
You slash the orc warrior! You burn the orc warrior.
You kill the orc warrior!
* * * LOW HITPOINT WARNING * * *
You feel very sick.
* * * LOW HITPOINT WARNING * * *
You feel very sick.
You feel a strong urge to attack something.
* * * LOW HITPOINT WARNING * * *
You feel very sick.
* * * LOW HITPOINT WARNING * * *
You feel sick.
You are too berserk!
You are too berserk!
You are too berserk!
You feel your anger nearly subside.
You are no longer berserk.
You are exhausted.
You feel yourself slow down.
You die...

....<.....))##.#..###...# ##..##.
.........).......######.####...#.
..............#....## #....#.....
#...#...............######.#...##
.#####...............# #.#..... .
###...............# #.#..##. #
#...##............# #.##.##.
#.#####..........## #.##.##< #..
##...#.@..## #.##.##. #.#
#####.#### #.##.##. .. #..#
##.##.... ... ######.##
####......#. ...
###....#).####..(.[....#. ...
......))...<)..#.).##..#.
##....(####.)....###.....
##..(......###### #.)...
....(.....#.# #.....


There were no monsters in sight!

Vanquished Creatures
  An orc warlord (Bailey)
  3 orc knights (Bailey)
  A steam dragon (D:6)
  Menkaure (D:6)
  3 water moccasins
  16 orc warriors
  An ice beast (D:7)
  2 black bears
  2 ogres (D:5)
  4 kobold brigands
  3 bullfrogs
  2 scorpions
  2 elf zombies (Ossuary)
  A wyvern skeleton (D:7)
  8 wights
  2 centaur zombies
  A bullfrog zombie (D:4)
  A jelly (D:4)
  3 orc priests
  4 hounds
  A centaur skeleton (D:4)
  A human zombie (Ossuary)
  4 orc wizards
  3 iguanas
  A killer bee zombie (D:6)
  2 hound zombies (Ossuary)
  A hound skeleton (D:4)
  3 mummies (Ossuary)
  10 gnolls
  8 adders
  2 shadow imps
  2 white imps (D:6)
  An ufetubus (D:7)
  An adder skeleton (D:2)
  2 adder zombies (Ossuary)
  3 worms
  4 dart slugs
  47 orcs
  10 ball pythons
  6 endoplasms
  5 giant cockroaches
  A gnoll zombie (Ossuary)
  26 goblins
  25 hobgoblins
  4 jackals (D:4)
  24 kobolds
  4 quokkas
  11 bats
  2 frilled lizards
  3 goblin zombies (Ossuary)
  6 hobgoblin zombies (Ossuary)
  4 jackal zombies (Ossuary)
  5 kobold zombies (Ossuary)
  An orc zombie (Ossuary)
  2 quokka zombies (Ossuary)
  3 rats (D:1)
  4 rat zombies (Ossuary)
303 creatures vanquished.

Vanquished Creatures (others)
  An orc wizard (D:4)
  A plant (D:1)
2 creatures vanquished.

Grand Total: 305 creatures vanquished

Notes
Turn   | Place    | Note
-------+----------+-------------------------------------------
     0 | D:1      | duskshroud the Vine Stalker Gladiator began the quest for
                  | the Orb.
     0 | D:1      | Reached XP level 1. HP: 11/11 MP: 2/2
    37 | D:1      | Reached skill level 3 in Long Blades
   110 | D:1      | Reached skill level 1 in Stealth
   110 | D:1      | Reached XP level 2. HP: 15/15 MP: 3/3
   271 | D:1      | Reached XP level 3. HP: 11/18 MP: 2/4
   535 | D:1      | Found a faded altar of an unknown god.
  1064 | D:2      | Gained mutation: Your natural rate of healing is unusually
                  | fast. [Vine Stalker growth]
  1064 | D:2      | Reached XP level 4. HP: 23/23 MP: 5/5
  1094 | D:2      | Reached skill level 4 in Long Blades
  1444 | D:3      | Found Meitzu's Weapon Emporium.
  1500 | D:3      | Bought 3 boomerangs for 15 gold pieces
  2133 | D:4      | Noticed a scorpion
  2143 | D:4      | Killed a scorpion
  2144 | D:4      | Reached XP level 5. HP: 26/26 MP: 6/6
  2202 | D:4      | Found a large runed translucent door.
  2203 | D:4      | Found a large runed translucent door.
  2247 | D:4      | Reached skill level 5 in Long Blades
  2260 | D:4      | Reached XP level 6. HP: 12/30 MP: 5/7
  2266 | D:4      | Found a large runed translucent door.
  2266 | D:4      | Found a large runed translucent door.
  2595 | D:4      | Reached skill level 5 in Stealth
  2652 | D:4      | Reached skill level 6 in Long Blades
  2652 | D:4      | Reached XP level 7. HP: 34/34 MP: 8/8
  2859 | D:4      | Identified the +6 morningstar of Xoskuute {drain, Str+4}
  2977 | D:5      | Entered Level 5 of the Dungeon
  2996 | D:5      | Found a glowing silver altar of Zin.
  3148 | D:4      | Identified the +0 ring mail "Sixess" {rF+}
  3223 | D:5      | Found a staircase to the Ecumenical Temple.
  3238 | D:5      | Reached skill level 7 in Long Blades
  3252 | Temple   | Entered the Ecumenical Temple
  3316 | Temple   | Became a worshipper of Uskayaw the Reveller
  3360 | D:5      | Reached * piety under Uskayaw
  3478 | D:5      | Reached ** piety under Uskayaw
  3582 | D:5      | Reached skill level 1 in Invocations
  3582 | D:5      | Gained mutation: You have razor-sharp teeth. [Vine Stalker
                  | growth]
  3582 | D:5      | Reached XP level 8. HP: 38/38 MP: 5/10
  3713 | D:5      | Reached *** piety under Uskayaw
  3823 | D:6      | Reached skill level 8 in Long Blades
  4083 | D:6      | Found a shimmering blue altar of Sif Muna.
  4083 | D:6      | Found a glowing golden altar of the Shining One.
  4084 | D:6      | Found a basalt altar of Yredelemnul.
  4254 | D:6      | Found a sand-covered staircase.
  4286 | Ossuary  | Entered an ossuary
  4340 | Ossuary  | Reached **** piety under Uskayaw
  4394 | Ossuary  | Reached skill level 9 in Long Blades
  4422 | Ossuary  | Reached XP level 9. HP: 42/42 MP: 10/13
  4656 | D:6      | Noticed Menkaure
  4660 | D:6      | Killed Menkaure
  4990 | D:7      | Reached skill level 5 in Invocations
  5127 | D:7      | Found a flagged portal.
  5148 | Bailey   | Entered a bailey
  5267 | Bailey   | Reached skill level 10 in Long Blades
  5714 | Bailey   | Noticed an orc knight
  5776 | Bailey   | Killed an orc knight
  5777 | Bailey   | Reached skill level 11 in Long Blades
  5777 | Bailey   | Reached XP level 10. HP: 36/46 MP: 12/15
  5804 | Bailey   | Noticed an orc warlord
  5869 | Bailey   | Noticed an orc knight
  5948 | Bailey   | Noticed an orc knight
  6076 | Bailey   | Killed an orc warlord
  6362 | Bailey   | Killed an orc knight
  6363 | Bailey   | Reached skill level 12 in Long Blades
  6692 | Bailey   | Killed an orc knight
  7585 | D:7      | Reached XP level 11. HP: 43/50 MP: 15/18
  7989 | D:8      | HP: 2/75 [poisoned by an orc warrior]
  7991 | D:8      | Succumbed to an orc warrior's poison

Illustrated notes

Levels and vault maps discovered:
D:1:      dpeg_arrival_stonehenge_12_columns, layout_loops_ring,
          shapermc_ecumenical_altar_ellora, minmay_octomino_j4
D:2:      layout_basic, kennysheep_generic_room_3
D:3:      layout_basic, serial_shops, shop, ebering_dispersal_statue_hall,
          minivault_27, corexii_corridor_pit
D:4:      layout_cave_pools, minmay_hollow_rounded_squares
D:5:      layout_rooms, zin_scriptorium, minmay_temple_entry_drinking_statues
D:6:      layout_loops_cross, nicolae_overflow_hidden_temple,
          nicolae_ossuary_entry_monument, chequers_serial_rivers_micro_e,
          uniq_menkaure
D:7:      layout_loops_ring, enter_bailey_5, nrook_campfire,
          kennysheep_generic_room_4
D:8:      layout_rooms
Temple:   eino_narrow_crystal_temple

Skill      XL: |  1  2  3  4  5  6  7  8  9 10 |
---------------+-------------------------------+-----
Long Blades    | 3 4 5 6 7 9 11 12 | 12.7
Stealth        | 1 2 3 4 5 |  5.0
Invocations    | 1 4 6 8 |  8.4
Fighting       | |  1.7
Throwing       | |  1.7
Dodging        | |  2.4

Action                   |  1- 3 |  4- 6 |  7- 9 | 10-12 || total
-------------------------+-------+-------+-------+-------++-------
Melee: Long sword        |    95 |   109 |   327 |   192 ||   723
       Bite              |    33 |    34 |   106 |    68 ||   241
Throw: Dart              |       |    48 |    82 |    91 ||   221
       Throwing net      |       |       |     2 |     3 ||     5
       Boomerang         |       |       |       |     2 ||     2
Invok: Stomp             |       |       |    11 |     4 ||    15
       Line Pass         |       |       |     4 |     2 ||     6
  Use: Scroll            |       |     2 |     6 |       ||     8
       Potion            |       |       |       |     2 ||     2
 Stab: Paralysed         |       |       |     5 |     3 ||     8
       Held in net/web   |       |       |     1 |     3 ||     4
       Confused          |       |       |     1 |     2 ||     3
       Sleeping          |       |       |       |     1 ||     1
Armor: Leather armour    |     6 |       |       |       ||     6
       Plate armour      |    58 |    82 |   149 |       ||   289
       Ring mail         |       |       |    33 |    66 ||    99
Dodge: Dodged            |    37 |    29 |    99 |   114 ||   279
       Rpst.: Long sword |    11 |     8 |    28 |    26 ||    73

Table legend: (Time is in decaauts)
 A = Elapsed time spent in this place.
 B = Non-inter-level travel time spent in this place.
 C = Inter-level travel time spent in this place.
 D = Time resting spent in this place.
 E = Time spent auto-exploring this place.
 F = Levels seen in this place.
 G = Mean time per level.
                   A        B        C        D        E       F      G
               +--------+--------+--------+--------+--------+-----+--------+
         Total |   7971 |   7697 |    274 |    382 |   3522 |  11 |  724.6 |
       Dungeon |   5935 |   5672 |    263 |    276 |   3262 |   8 |  741.9 |
        Temple |     79 |     68 |     11 |      0 |      0 |   1 |   79.0 |
       Ossuary |    242 |    242 |      0 |      0 |     46 |   1 |  242.0 |
        Bailey |   1713 |   1713 |      0 |    106 |    213 |   1 | 1713.0 |
               +--------+--------+--------+--------+--------+-----+--------+

Top non-repeatable levels by time:
  Bailey: 1713 daAuts
     D:4: 955 daAuts
     D:6: 949 daAuts
     D:7: 900 daAuts
     D:3: 784 daAuts
     D:1: 728 daAuts
     D:5: 659 daAuts
     D:2: 596 daAuts
     D:8: 361 daAuts
 Ossuary: 242 daAuts
  Temple: 79 daAuts
